 Dungeon Crawl Stone Soup version 0.16-a0-1132-gad589c6 (webtiles) character file.

75 Foahim the Shield-Bearer (level 4, 0/38 HPs)
             Began as a Vampire Fighter on Oct 7, 2014.
             Slain by an orc
             ... wielding a +1 trident of protection
              (3 damage)
             ... on level 3 of the Dungeon.
             The game lasted 00:07:38 (1567 turns).

Foahim the Shield-Bearer (Vampire Fighter)          Turns: 1567, Time: 00:07:38

Health: 0/38       AC: 10    Str: 15    XL:     4   Next: 11%
Magic:  4/4        EV:  3    Int: 10    God:
Gold:   51         SH:  9    Dex: 14    Spells: 0 memorised, 3 levels left

rFire  + . .     SeeInvis +     a - +1 long sword
rCold  . . .     Clarity  .     i - +0 chain mail (curse)
rNeg   + . .     SustAb   .     c - +0 shield
rPois  .         Gourm    .     (no helmet)
rElec  .         Spirit   .     (no cloak)
rCorr  .         Warding  .     (no gloves)
rMut   .         Stasis   .     (no boots)
MR     .....                    (no amulet)
Stlth  ..........               (no ring)
                                g - +1 ring of protection

@: slowed, very slow, not resistant to hostile enchantments, extremely
unstealthy
A: fangs 3, see invisible, deterioration 1, fire resistance 1, robust 1,
unbreathing
a: Bat Form


You were on level 3 of the Dungeon.
You were not thirsty.

You visited 1 branch of the dungeon, and saw 3 of its levels.

You collected 51 gold pieces.

Inventory:

Hand weapons
 a - a +1 long sword (weapon)
Armour
 b - a +0 scale mail
 c - a +0 shield (worn)
 i - a cursed +0 chain mail (worn)
Scrolls
 f - 4 scrolls of identify
 j - a scroll of enchant weapon
Jewellery
 g - a +1 ring of protection (left hand)
Potions
 d - a potion of blood
 e - a potion of might
 k - a potion of poison {unknown}


   Skills:
 + Level 3.1 Fighting
 + Level 2.5 Long Blades
 + Level 2.7 Armour
 + Level 1.4 Dodging
 + Level 3.3 Shields


You had 3 spell levels left.
You didn't know any spells.

Dungeon Overview and Level Annotations

Branches:
Dungeon (3/15)

Altars:
Elyvilon
Okawaru


Innate Abilities, Weirdness & Mutations

You have razor-sharp teeth.
You have supernaturally acute eyesight.
You can survive without breathing.
Your body is slowly deteriorating.
Your flesh is heat resistant.
You are robust (+10% HP).


Message History

You feel troubled. The orc hits you but does no damage.
The orc hits you but does no damage.
As you read the scroll labeled POOXKU KUN HOZ, it crumbles to dust.
The creatures around you are filled with an inner flame!
It was a scroll of immolation.
You block the jackal's attack.
The jackal bites you but does no damage. x3
The jackal bites you.
* * * LOW HITPOINT WARNING * * *
The orc hits you but does no damage.
The jackal bites you but does no damage.
The orc hits you but does no damage.
As you read the scroll labeled KLACZULUKHE, it crumbles to dust.
The scroll dissolves into smoke.
It was a scroll of fog.
The jackal bites you but does no damage.
The orc wizard casts a spell.
You feel a wave of unholy energy pass over you.
The jackal bites you but does no damage.
You block the jackal's attack. x2
The orc hits you but does no damage. The orc hits you with a runed trident.
You die...

### .... .....
......### ......>..
.....§§§#
.....%§oo#
......hh@# #
#.#####hh#.#
#.#####oo#.#.#
........olo...#
..#####..###.#
#....#... .
#.o..#.###.#
#............
...r####.##.#.#.#.#


You could see 2 orc wizards, 2 orcs and 4 jackals.

Vanquished Creatures
  3 adders (D:2)
  A worm (D:2)
  2 giant geckos
  6 giant cockroaches
  8 hobgoblins
  5 jackals
  3 bats
  3 giant newts
  3 goblins (D:1)
  5 kobolds
  4 rats
43 creatures vanquished.

Notes
Turn   | Place    | Note
--------------------------------------------------------------
     0 | D:1      | Foahim, the Vampire Fighter, began the quest for the Orb.
     0 | D:1      | Reached XP level 1. HP: 17/17 MP: 1/1
   206 | D:1      | Reached XP level 2. HP: 21/23 MP: 2/2
   248 | D:1      | Reached skill level 3 in Shields
   293 | D:1      | Gained mutation: Your spells are a little harder to cast, but a little more powerful. [potion of mutation]
   293 | D:1      | Lost mutation: Your spells are a little harder to cast, but a little more powerful. [potion of mutation]
   294 | D:1      | Gained mutation: You are robust (+10% HP). [potion of mutation]
   294 | D:1      | Gained mutation: Your body is slowly deteriorating. [potion of mutation]
   294 | D:1      | Gained mutation: Your flesh is heat resistant. [potion of mutation]
   855 | D:2      | Reached XP level 3. HP: 31/31 MP: 3/3
   867 | D:2      | Found a white marble altar of Elyvilon.
  1056 | D:2      | Reached skill level 1 in Dodging
  1217 | D:2      | Reached XP level 4. HP: 23/38 MP: 4/4
  1323 | D:3      | Found an iron altar of Okawaru.
  1567 | D:3      | Slain by an orc

Action                   |  1- 3 |  4- 6 || total
-------------------------+-------+-------++-------
Melee: Long sword        |   138 |    24 ||   162
  Use: Potion            |     4 |       ||     4
       Scroll            |     5 |     3 ||     8
  Eat: Corpse            |     7 |     1 ||     8
